 Dungeon Crawl Stone Soup version 0.27.1-34-g3ba077fa99 (webtiles) character file.

Game seed: 15478509838215887691

9064 beerice the Cleaver (level 11, 0/133 HPs)
             Began as a Minotaur Berserker on Jan 13, 2022.
             Was a High Priest of Trog.
             Slain by a salamander (6 damage)
             ... in a volcano.
             The game lasted 01:50:30 (12993 turns).

beerice the Cleaver (Minotaur Berserker)           Turns: 12993, Time: 01:50:33

Health: 0/133      AC: 17    Str: 24    XL:     11   Next: 18%
Magic:  10/10      EV: 11    Int:  4    God:    Trog [*****.]
Gold:   807        SH:  0    Dex: 17    Spells: 10/10 levels left

rFire    + . .     SeeInvis .   K - +8 battleaxe "Kakauxio" {vorpal, rF+}
rCold    . . .     Faith    .   (shield currently unavailable)
rNeg     + . .     Spirit   .   F - +3 plate armour
rPois    .         Reflect  .   (helmet restricted)
rElec    .         Harm     .   (no cloak)
rCorr    .         Rampage  .   (no gloves)
Will     .....                  (no boots)
Stlth    ..........             Q - amulet of the acrobat
HPRegen  0.32/turn              g - +6 ring of dexterity
MPRegen  0.12/turn              q - ring of positive energy

@: berserking, very quick
A: horns 2, retaliatory headbutt, frail 1
a: Renounce Religion, Berserk, Trog's Hand, Brothers in Arms


You were in a volcano.
You worshipped Trog.
Trog was extremely pleased with you.
You visited 2 branches of the dungeon, and saw 10 of its levels.
You also visited: Ossuary and Volcano.

You collected 807 gold pieces.

Inventory:

Hand Weapons
 K - the +8 battleaxe "Kakauxio" (weapon) {vorpal, rF+}
   (You acquired it on level 8 of the Dungeon)

   It inflicts extra damage upon your enemies.
   rF:        It protects you from fire.
 M - a +1 war axe of flaming
 N - a +0 morningstar of venom
 O - a +2 hand axe of distortion
 P - a +1 vorpal hand axe
 T - the +8 quarterstaff "Heelaig" {elec, +Rage rC+ rN+ Dex+4}
   (You took it off an orc on level 9 of the Dungeon)

   It occasionally discharges a powerful burst of electricity upon striking a
   foe.
   Dex:       It affects your dexterity (+4).
   rC:        It protects you from cold.
   rN:        It protects you from negative energy.
   +Rage:     It lets you go berserk.
Missiles
 c - 12 poisoned darts
 u - 4 throwing nets
 G - a curare-tipped dart
 H - 24 boomerangs (quivered)
 R - 4 boomerangs of dispersal
Armour
 F - a +3 plate armour (worn)
Jewellery
 g - a +6 ring of dexterity (left hand)
 q - a ring of positive energy (right hand)
 Q - an amulet of the acrobat (around neck)
Wands
 i - a wand of flame (57)
 p - a wand of polymorph (5)
 s - a wand of paralysis (7)
 t - a wand of iceblast (7)
 w - a wand of mindburst (28)
 y - a wand of digging (3)
 A - a wand of charming (13)
Scrolls
 f - 4 scrolls of noise
 j - a scroll of fog
 l - 2 scrolls of magic mapping
 m - a scroll of vulnerability
 r - 2 scrolls of teleportation
 E - 3 scrolls of amnesia
 S - a scroll of blinking {unknown}
Potions
 d - 3 potions of curing
 k - 2 potions of attraction
 n - 2 potions of might
 o - 5 potions of degeneration
 x - a potion of lignification
 D - 2 potions of flight
 I - a potion of magic
 J - a potion of haste


   Skills:
 + Level 10.0 Fighting
 * Level 13.2 Axes
 + Level 9.7 Armour
 + Level 8.9 Dodging


You had 10 spell levels left.
You didn't know any spells.
Your spell library contained the following spells:

 Spells                   Type           Power      Damage    Failure   Level
 Corona                   Hex            0%         N/A       100%        1
 Foxfire                  Conj/Fire      0%         2x1d4     100%        1
 Ensorcelled Hibernation  Hex/Ice        0%         N/A       100%        2
 Slow                     Hex            0%         N/A       100%        2
 Sublimation of Blood     Necr           0%         N/A       100%        2
 Wereblood                Tmut           0%         N/A       100%        2
 Confusing Touch          Hex            0%         N/A       100%        3
 Conjure Flame            Conj/Fire      0%         6-21      100%        3
 Inner Flame              Hex/Fire       0%         N/A       100%        3
 Spider Form              Tmut/Pois      0%         N/A       100%        3
 Tukima's Dance           Hex            0%         N/A       100%        3
 Vampiric Draining        Necr           0%         2d6       100%        3
 Shadow Creatures         Summ           N/A        N/A       100%        6
 Summon Hydra             Summ           0%         N/A       100%        7


Dungeon Overview and Level Annotations

Branches:
Dungeon (9/15)             Temple (0/1) D:4             Orc (1/2) D:9
Ossuary (visited)         Volcano (1/1)
   Lair: D:8-11

Altars:
Dithmenos
Elyvilon
Gozag
Kikubaaqudgha
Makhleb
Nemelex Xobeh
Yredelemnul
Zin
Beogh

Shops:
D:5 =

Annotations:
D:3 3 runed translucent doors, Ironcache's ghost, amateur NaTm


Innate Abilities, Weirdness & Mutations

You have a pair of horns on your head.
You reflexively headbutt those who attack you in melee.
You are frail. (-10% HP)


Message History

You are too injured to fight recklessly!
You are too injured to fight recklessly!
You are too injured to fight recklessly!
You are too injured to fight recklessly!
You are too injured to fight recklessly!
You are too injured to fight recklessly!
You are too injured to fight recklessly!
You are too injured to fight recklessly!
You are too injured to fight recklessly!
You slice the salamander mystic!!
Your headbutt misses the salamander mystic.
The salamander mystic is almost dead.
The salamander mystic hits you but does no damage.
The salamander hits you from afar with a +0 halberd!
You are engulfed in flames.
You resist.
The salamander hits you from afar with a +0 vorpal glaive.
* * * LOW HITPOINT WARNING * * *
You are engulfed in flames.
You resist.
* * * LOW HITPOINT WARNING * * *
x2 You slice the salamander mystic!!
You kill the salamander mystic!
Trog accepts your kill.
Trog appreciates your killing of a magic user.
The salamander barely misses you.
Your Fighting skill increases to level 10!
You slash the gargoyle!
The gargoyle is almost destroyed.
The salamander hits you from afar with a +0 vorpal glaive!
* * * LOW HITPOINT WARNING * * *
You are engulfed in flames.
You resist.
* * * LOW HITPOINT WARNING * * *
x2 The gargoyle misses you.
You furiously retaliate!
You headbutt the gargoyle. You slash the gargoyle!
You destroy the gargoyle!
Trog accepts your kill. The salamander barely misses you.
The salamander closely misses you.
The salamander hits you from afar with a +0 vorpal glaive!
* * * LOW HITPOINT WARNING * * *
You are engulfed in flames.
You resist.
You die...

##...## # #..8..#
§≈≈≈≈S≈§ §≈ #.##.....#
.§§≈§≈≈≈≈≈§§ #/)8.....#
.§≈≈≈≈≈§≈≈≈ #$.#..⌠).#
..≈≈≈≈≈≈≈≈ #$[##...##
#..≈≈≈≈§≈≈ #'#####+##
###...≈≈≈§§≈
##...N#...###8.....≈≈≈≈≈
#.._.N)@∩.+.......SS≈§≈≈
##...N#...###8....§§§§§≈
#+#####+## ####..§§§§§≈
####§§§§. ######


You could see 3 salamanders.

Vanquished Creatures
  Harold (D:7)
  A two-headed ogre (D:9)
  A salamander mystic (Volcano)
  A salamander (Volcano)
  Maggie (D:6)
  A gargoyle (Volcano)
  A troll (Orc:1)
  2 slime creatures (D:5)
  Sigmund (D:6)
  3 fire bats (Volcano)
  A wyvern (D:9)
  A steam dragon (D:8)
  3 water moccasins
  6 orc warriors
  A swamp drake (D:9)
  3 black bears
  3 sky beasts
  4 ogres
  A phantom (D:5)
  5 centaurs
  3 kobold brigands
  A gnoll sergeant (Orc:1)
  7 scorpions
  3 killer bees (D:9)
  A water moccasin skeleton (D:6)
  4 wights (D:7)
  3 howler monkeys
  A centaur zombie (D:7)
  3 hounds
  5 jellies (D:5)
  7 orc priests
  Jessica (D:2)
  2 iguanas (D:5)
  13 orc wizards
  2 killer bee zombies
  A hound skeleton (D:5)
  2 mummies
  2 howler monkey zombies (D:9)
  8 adders
  7 gnolls
  A shadow imp (D:5)
  A worm (D:3)
  6 dart slugs
  53 orcs
  A spectral bat (Ossuary)
  15 endoplasms
  2 giant cockroaches
  12 gnoll zombies (Ossuary)
  4 goblins
  5 hobgoblins
  6 jackals (D:3)
  6 quokkas
  7 ball pythons
  5 bats
  A bat simulacrum (Ossuary)
  A frilled lizard (D:2)
  5 goblin simulacra (Ossuary)
  4 goblin zombies (Ossuary)
  4 hobgoblin zombies (Ossuary)
  17 kobolds
  3 kobold simulacra (Ossuary)
  6 kobold zombies (Ossuary)
  4 orc zombies (Ossuary)
  5 rats
  3 rat simulacra (Ossuary)
  A spectral goblin (Ossuary)
  5 spectral kobolds (Ossuary)
  2 spectral rats (Ossuary)
302 creatures vanquished.

Vanquished Creatures (others)
  A human (D:9)
  6 fungi (D:5)
  3 plants (D:4)
  5 toadstools (D:5)
15 creatures vanquished.

Grand Total: 317 creatures vanquished

Notes
Turn   | Place    | Note
-------+----------+-------------------------------------------
     0 | D:1      | beerice the Minotaur Berserker began the quest for the Orb.
     0 | D:1      | Reached XP level 1. HP: 19/19 MP: 0/0
   295 | D:1      | Reached XP level 2. HP: 27/27 MP: 1/1
   316 | D:1      | Reached skill level 4 in Axes
   979 | D:1      | Reached XP level 3. HP: 33/33 MP: 2/2
  1292 | D:2      | Reached ** piety under Trog
  1378 | D:2      | Noticed Jessica
  1385 | D:2      | Killed Jessica
  1389 | D:2      | Reached XP level 4. HP: 40/40 MP: 3/3
  2084 | D:3      | Reached skill level 5 in Axes
  2426 | D:3      | Reached XP level 5. HP: 20/47 MP: 4/4
  3123 | D:3      | Found a runed translucent gate.
  3123 | D:3      | Found a runed translucent gate.
  3123 | D:3      | Found a runed translucent gate.
  3124 | D:3      | Noticed Ironcache's ghost (amateur NaTm)
  3539 | D:4      | Found a staircase to the Ecumenical Temple.
  3555 | D:4      | Reached XP level 6. HP: 28/55 MP: 5/5
  3746 | D:4      | Reached skill level 6 in Axes
  3761 | D:4      | Reached skill level 5 in Fighting
  3823 | D:4      | Found a sand-covered staircase.
  3834 | Ossuary  | Entered an ossuary
  3905 | Ossuary  | Reached *** piety under Trog
  4310 | Ossuary  | Reached **** piety under Trog
  4517 | D:4      | Noticed a water moccasin
  4524 | D:4      | Killed a water moccasin
  4525 | D:4      | Reached XP level 7. HP: 61/61 MP: 6/6
  4978 | D:5      | Entered Level 5 of the Dungeon
  4978 | D:5      | Found a glowing silver altar of Zin.
  4989 | D:5      | Reached skill level 7 in Axes
  5033 | D:5      | Reached skill level 5 in Armour
  5523 | D:5      | Found Vaapaut's Jewellery Shoppe.
  6100 | D:5      | Reached skill level 8 in Axes
  6100 | D:5      | Reached skill level 5 in Dodging
  6100 | D:5      | Reached XP level 8. HP: 68/70 MP: 7/7
  6114 | D:5      | Noticed a slime creature
  6114 | D:5      | Noticed a slime creature
  6131 | D:5      | Killed a slime creature
  6142 | D:5      | Killed a slime creature
  6143 | D:5      | Reached skill level 9 in Axes
  6824 | D:6      | Noticed Maggie
  7085 | D:6      | Noticed Sigmund
  7106 | D:6      | Killed Sigmund
  7107 | D:6      | Reached XP level 9. HP: 79/79 MP: 8/8
  7553 | D:6      | Reached skill level 10 in Axes
  7626 | D:6      | Found a runed translucent door.
  7954 | D:6      | Killed Maggie
  8711 | D:7      | Reached skill level 11 in Axes
  9035 | D:7      | Reached ***** piety under Trog
  9191 | D:7      | Noticed Harold
  9203 | D:7      | Killed Harold
  9204 | D:7      | Reached XP level 10. HP: 79/90 MP: 9/9
  9854 | D:7      | Found a sparkling altar of Nemelex Xobeh.
 10120 | D:8      | Found a white marble altar of Elyvilon.
 10244 | D:8      | Found a basalt altar of Yredelemnul.
 10326 | D:8      | Found a burning altar of Makhleb.
 10362 | D:8      | Found a shadowy altar of Dithmenos.
 10489 | D:8      | Reached skill level 12 in Axes
 10658 | D:8      | Identified a scroll of acquirement
 10658 | D:8      | Acquired the +8 battleaxe "Kakauxio" {vorpal, rF+}
 10673 | D:8      | Gained mutation: You are frail. (-10% HP) [mutagenic glow]
 11152 | D:9      | Noticed a two-headed ogre
 11158 | D:9      | Killed a two-headed ogre
 11296 | D:9      | Found an ancient bone altar of Kikubaaqudgha.
 11717 | D:9      | Found an opulent altar of Gozag.
 12046 | D:9      | Found a staircase to the Orcish Mines.
 12055 | D:9      | Identified the +8 quarterstaff "Heelaig" {elec, +Rage rC+
                  | rN+ Dex+4}
 12266 | Orc:1    | Entered Level 1 of the Orcish Mines
 12565 | Orc:1    | Reached XP level 11. HP: 86/89 MP: 10/10
 12599 | Orc:1    | Found a dark tunnel.
 12610 | Volcano  | Entered a volcano
 12648 | Volcano  | Reached skill level 13 in Axes
 12985 | Volcano  | Found a burning altar of Makhleb.
 12987 | Volcano  | Noticed a salamander mystic
 12991 | Volcano  | Killed a salamander mystic
 12992 | Volcano  | Reached skill level 10 in Fighting
 12993 | Volcano  | HP: 6/133 [salamander (15)]
 12993 | Volcano  | Slain by a salamander

Illustrated notes

Levels and vault maps discovered:
D:1:      roderic_dead_forest, layout_basic, chequers_decorated_corner
D:2:      layout_rooms, kennysheep_decorative_pillar, nrook_uturn, uniq_jessica
D:3:      layout_rooms, ebering_ghost_rock_garden,
          chequers_serial_rivers_micro_d
D:4:      layout_loops_ring, minmay_temple_entry_overgrown,
          gup_ossuary_entry_pyramid
D:5:      cheibrodos_fertilizer, layout_basic, overflow_temple_1_default,
          serial_shops, nicolae_shop_temple_entry_statues_fountains
D:6:      layout_basic, lightli_church_of_beogh, uniq_maggie, uniq_sigmund
D:7:      layout_layer_cave, nemelex_dance_club_becter, uniq_harold
D:8:      layout_basic, mainiacjoe_overflow_small_starburst,
          mainiacjoe_overflow_boulevard, mainiacjoe_overflow_two_lobes
D:9:      layout_roguey, overflow_temple_1_default, tgw_kikubaaqudgha,
          erik_orc_1
Orc:1:    layout_diamond_mine, nicolae_volcano_entry_hallway
Volcano:  volcano_grotto [vgs_many_chambers]

Skill      XL: |  1  2  3  4  5  6  7  8  9 10 11 |
---------------+----------------------------------+-----
Axes           | 4 5 6 8 9 11 12 13 | 13.2
Fighting       | 4 5 6 7 8 9 10 | 10.0
Armour         | 3 4 5 6 8 9 |  9.7
Dodging        | 3 4 5 6 7 8 |  8.9

Action                   |  1- 3 |  4- 6 |  7- 9 | 10-12 || total
-------------------------+-------+-------+-------+-------++-------
Melee: Hand axe          |    42 |   180 |   219 |    45 ||   486
       Headbutt          |    14 |    31 |    53 |    23 ||   121
       Battleaxe         |       |       |       |    85 ||    85
 Fire: Arbalest          |       |       |     4 |       ||     4
Throw: Dart              |    31 |    13 |     7 |       ||    51
       Stone             |     4 |     2 |       |       ||     6
       Boomerang         |       |       |     4 |     9 ||    13
Invok: Berserk           |     1 |     7 |     7 |     7 ||    22
       Trog's Hand       |     1 |     1 |     4 |     2 ||     8
Evoke: Wand              |       |       |     3 |       ||     3
  Use: Scroll            |     1 |     7 |     6 |    12 ||    26
       Potion            |       |     3 |     4 |     4 ||    11
 Stab: Sleeping          |     2 |       |       |       ||     2
       Paralysed         |       |       |     4 |       ||     4
Armor: Animal skin       |     2 |       |       |       ||     2
       Leather armour    |     2 |     5 |       |       ||     7
       Chain mail        |       |    53 |    89 |    40 ||   182
       Plate armour      |       |       |       |    13 ||    13
Dodge: Dodged            |    18 |    87 |   105 |   103 ||   313
